 Dungeon Crawl Stone Soup version 0.30.1-4-g462c640d31 (console) character file.

Game seed: 1441156686887670021

67 petzl the Sneak (level 4, 35/35 HPs)
             Began as a Formicid Delver on July 19, 2023.
             Quit the game on level 1 of the Dungeon on Aug 10, 2023.
             The game lasted 00:03:47 (1354 turns).

petzl the Sneak (Formicid Delver)                   Turns: 1354, Time: 00:03:48

Health: 35/35      AC:  3    Str: 16    XL:     4   Next: 40%
Magic:  8/8        EV: 12    Int: 12    God:
Gold:   118        SH:  0    Dex: 15    Spells: 9/9 levels left

rFire   . . .        a - +0 mace
rCold   . . .        (no shield)
rNeg    . . .        b - +0 leather armour
rPois   .            (helmet unavailable)
rElec   .            (no cloak)
rCorr   .            (no gloves)
SInv    +            (no boots)
Will    .....        (no amulet)
Stlth   +++          (no ring)
HPRegen 0.25/turn    (no ring)
MPRegen 0.11/turn

%: no passive effects
@: no status effects
A: permanent stasis, dig shafts and tunnels, antennae 3, four strong arms
a: Dig, Shaft Self


You were on level 1 of the Dungeon.
You visited 1 branch of the dungeon, and saw 7 of its levels.

You collected 118 gold pieces.

Inventory:

Hand Weapons
 a - a +0 mace (weapon)
 g - a +0 rapier
Armour
 b - a +0 leather armour (worn)
Jewellery
 r - an amulet of guardian spirit
Wands
 f - a wand of digging (3)
 j - a wand of flame (17)
Scrolls
 c - 2 scrolls of fog
 d - a scroll of magic mapping
 e - 2 scrolls of fear
 i - a scroll of noise {unknown}
 l - a scroll of torment {unknown}
 m - 2 scrolls of identify {unknown}
 p - a scroll of immolation {unknown}
Potions
 h - a potion of might {unknown}
 k - a potion of heal wounds {unknown}
 n - a potion of brilliance {unknown}
 o - a potion of curing {unknown}
 q - a potion of attraction {unknown}


   Skills:
 - Level 3.3 Fighting
 - Level 2.0 Maces & Flails
 - Level 1.8 Dodging
 - Level 6.4 Stealth
 + Level 3.0 Spellcasting


You had 9 spell levels left.
You didn't know any spells.
Your spell library was empty.

Dungeon Overview and Level Annotations

Branches:
Dungeon (7/15)
 Temple: D:4-7

Altars:

Annotations:
D:6 exclusion: downstairs


Innate Abilities, Weirdness & Mutations

You cannot be hasted, slowed, berserked, paralysed or teleported.
You can dig through walls and to a lower floor.
You have a pair of large antennae on your head. (SInv)
Your four strong arms can wield two-handed weapons with a shield.


Message History

You kill the quokka!
No target in view!
No target in view!
HP restored.
You see here a +0 dagger.
Done exploring.
Done exploring.
Done exploring.
Done exploring.
Done exploring.
Unknown command.
Unknown command.
Unknown command.
Unknown command.
Unknown command.
Unknown command.
Unknown command.
Unknown command.
Unknown command.
Unknown command.
Unknown command.
Unknown command.
Unknown command.
Unknown command.
Unknown command.
Unknown command.
Unknown command.
Unknown command.
Unknown command.
Your library has no spells.
Unknown command.
Save game and exit?
Welcome back, petzl the Formicid Delver.
Press ? for a list of commands and other information.
Done exploring.
Unknown command.
Unknown command.
Unknown command.
Unknown command.
Are you sure you want to abandon this character and quit the game? (Confirm with "yes".)

########### #.........#####
###.##...........
########...........####.
#......@.#.##(.....####.
#.########.##......#....
#.# #.#..##.#.#.##. #.#
#....##.....### #.#
##.....#........
#.#######.......#....###
######................#.#.#
#.......##..............#.#
#.#####.##.###..........#.#
#.# #...................#
#.# #..###.#..........###


There were no monsters in sight!

Vanquished Creatures
  A hound (D:4)
  An adder (D:6)
  A worm (D:2)
  5 endoplasms
  A hobgoblin (D:2)
  3 kobolds
  4 quokkas
  4 ball pythons
  A bat (D:1)
  4 frilled lizards (D:1)
  2 rats
27 creatures vanquished.

Notes
Turn   | Place    | Note
-------+----------+-------------------------------------------
     0 | D:5      | petzl the Formicid Delver began the quest for the Orb.
     0 | D:5      | Reached XP level 1. HP: 18/18 MP: 1/1
    12 | D:6      | Noticed a scorpion
    13 | D:6      | Noticed an ogre
    50 | D:6      | Reached XP level 2. HP: 24/24 MP: 2/2
    59 | D:7      | Noticed a kobold brigand
   124 | D:7      | Noticed a water moccasin
   204 | D:4      | Reached XP level 3. HP: 12/29 MP: 2/6
   616 | D:2      | Reached XP level 4. HP: 25/35 MP: 7/7
  1354 | D:1      | Upgraded the game from 0.30.1-3-gfc49f6343a to
                  | 0.30.1-4-g462c640d31
  1354 | D:1      | Quit the game

Illustrated notes

Levels and vault maps discovered:
D:1:      lemuel_arrival_tunnels, layout_loops_ring
D:2:      minmay_diamond_boxcup, layout_loops_cross
D:3:      layout_loops_ring, nicolae_uskayaw_en_pointe, trog_book, tgw_xom,
          minmay_misc_feat_square
D:4:      layout_loops_ring, overflow_temple_1_default,
          nicolae_shop_overcharged_wands, uniq_edmund, uniq_sigmund,
          uniq_natasha
D:5:      layout_rooms, mainiacjoe_overflow_surrounded_room,
          minmay_misc_feat_enclosed, skrybe_limestone_x
D:6:      layout_loops_ring, nicolae_wu_jian_immortal_techniques,
          fedhas_altar_fruit_tree, temple_pool_b, minmay_misc_feat_rows,
          chequers_mini_garden, nicolae_shop_dragon_depot, uniq_blork_the_orc
D:7:      layout_cave_pools, lemuel_round_altar,
          mainiacjoe_overflow_concentric_impassable

Skill      XL: |  1  2  3  4 |
---------------+-------------+-----
Spellcasting   | 2 3 |  3.0
Fighting       | |  3.3
Maces & Flails | |  2.0
Dodging        | |  1.8
Stealth        | |  6.4

Action                     |  1- 3 |  4- 6 || total
---------------------------+-------+-------++-------
  Melee: Mace              |    31 |    24 ||    55
   Stab: Sleeping          |     5 |     8 ||    13
 Armour: Leather armour    |     5 |     5 ||    10
  Dodge: Dodged            |    21 |    11 ||    32
